 Dungeon Crawl Stone Soup version 0.28-a0-429-g1448048969 (webtiles) character file.

Game seed: 13497218846037822232

247 Gwenloh the Skirmisher (level 6, -2/66 HPs)
             Began as an Ogre Cinder Acolyte on Sept 10, 2021.
             Was a High Priest of Ignis.
             Slain by a centaur (3 damage)
             ... on level 7 of the Dungeon.
             The game lasted 00:07:16 (2449 turns).

Gwenloh the Skirmisher (Ogre Cinder Acolyte)        Turns: 2449, Time: 00:07:16

Health: -2/66      AC:  3    Str: 19    XL:     6   Next: 11%
Magic:  0/10       EV:  9    Int: 16    God:    Ignis [*****.]
Gold:   168        SH:  0    Dex:  5    Spells: 9/11 levels left

rFire   + . .      SeeInvis .   a - -1 spear (flame)
rCold   . . .      Faith    .   (no shield)
rNeg    . . .      Spirit   .   b - +0 robe
rPois   .          Reflect  .   (helmet restricted)
rElec   .          Harm     .   (no cloak)
rCorr   .          Rampage  .   (gloves unavailable)
Will    .....                   (boots unavailable)
Stlth   +.........              (no amulet)
HPRegen 0.21/turn               (no ring)
MPRegen 0.12/turn               (no ring)

@: no status effects
A: large, unfitting armour, tough skin 1
a: Renounce Religion, Sea of Fire, Foxfire Swarm, Rising Flame


You were on level 7 of the Dungeon.
You worshipped Ignis.
Ignis was extremely pleased with you.
You visited 1 branch of the dungeon, and saw 5 of its levels.

You collected 168 gold pieces.

Inventory:

Hand Weapons
 a - a -1 spear of flaming (weapon)
 g - a +0 trident
Missiles
 d - 3 boomerangs (quivered)
 k - 4 curare-tipped darts
Armour
 b - a +0 robe (worn)
 e - a +0 buckler
Scrolls
 c - 2 scrolls of identify {unknown}
 h - a scroll of enchant weapon {unknown}
 i - a scroll of acquirement {unknown}
Potions
 f - a potion of degeneration {unknown}
 j - 2 potions of lignification {unknown}


   Skills:
 + Level 5.5 Fighting
 + Level 4.2 Polearms
 + Level 3.3 Spellcasting
 + Level 3.7 Fire Magic


You had 9 spell levels left.
You knew the following spells:

 Your Spells              Type           Power      Damage    Failure   Level
a - Scorch                Fire           28%        2d6       6%          2

Your spell library contained the following spells:

 Spells                   Type           Power      Damage    Failure   Level
 Ignite Poison            Fire/Tmut/Pois 6%         N/A       32%         3
 Gell's Gravitas          Tloc           1%         N/A       50%         3
 Lesser Beckoning         Tloc           2%         N/A       50%         3
 Mephitic Cloud           Conj/Pois/Air  2%         N/A       50%         3
 Summon Guardian Golem    Hex/Summ       2%         N/A       50%         3
 Teleport Other           Tloc           2%         N/A       50%         3
 Summon Ice Beast         Ice/Summ       2%         N/A       88%         4
 Freezing Cloud           Conj/Ice/Air   1%         6-21      99%         5
 Summon Mana Viper        Hex/Summ       2%         N/A       99%         5
 Monstrous Menagerie      Summ           1%         N/A       100%        7
 Orb of Destruction       Conj           1%         N/A       100%        7
 Spellforged Servitor     Conj/Summ      1%         N/A       100%        7


Dungeon Overview and Level Annotations

Branches:
Dungeon (7/15)
 Temple: D:4-7

Altars:


Innate Abilities, Weirdness & Mutations

You are too large for most types of armour.
You have tough skin. (AC +1)


Message History

The centaur shoots an arrow.
The arrow completely misses you.
You climb downwards.
Reactivating autopickup.
The centaur shouts!
There is a stone staircase leading up here.
Casting: Scorch (safe; 6% risk of failure)
Confirm with . or Enter, or press ? or * to list all spells.
Flames lash the centaur.
The centaur is moderately wounded.
The centaur's fire resistance burns away.
The centaur wields a +0 shortbow.
The centaur shoots an arrow.
The arrow barely misses you.
Casting: Scorch (safe; 6% risk of failure)
Confirm with . or Enter, or press ? or * to list all spells.
Flames lash the centaur.
The centaur is burned terribly!
The centaur is almost dead.
The centaur shoots an arrow.
The arrow hits you!
* * * LOW HITPOINT WARNING * * *
Unknown command.
Casting: Scorch (safe; 6% risk of failure)
Confirm with . or Enter, or press ? or * to list all spells.
You don't have enough magic to cast this spell.
You are too injured to fight recklessly!
You are too injured to fight recklessly!
Throw: 3 boomerangs
Press: ? - help, Q - select action, (/) - cycle Shift-Dir - straight line, f - centaur
Aim: a centaur, wielding a +0 shortbow and quivering arrows (almost dead, more vulnerable to fire, 65% to hit)
Okay, then.
You aren't carrying any items that you can evoke.
Unknown command.
Reach: a) -1 spear (flame)
Press: ? - help, Dir - move target, f - centaur
Aim: a centaur, wielding a +0 shortbow and quivering arrows (almost dead, more vulnerable to fire, about 31% to evade your -1 spear of flaming)
Okay, then.
Unknown command.
You aren't carrying any items that you can evoke.
The centaur unwields a +0 shortbow.
The centaur closely misses you.
The centaur kicks you but does no damage.
The centaur hits you.
You die... ##### #<@c# ###.# .# .# .# .# ##

You could see a centaur (inflammable).

Vanquished Creatures
  Blork the orc (D:6)
  2 hounds (D:6)
  An iguana (D:6)
  4 gnolls (D:2)
  2 adders (D:2)
  A dart slug (D:1)
  2 orcs (D:6)
  5 bats (D:2)
  5 endoplasms
  A giant cockroach (D:2)
  3 hobgoblins
  4 kobolds
  2 quokkas (D:1)
  6 ball pythons
  3 goblins
  6 rats
48 creatures vanquished.

Notes
Turn   | Place    | Note
-------+----------+-------------------------------------------
     0 | D:1      | Gwenloh the Ogre Cinder Acolyte began the quest for the
                  | Orb.
     0 | D:1      | Reached XP level 1. HP: 24/24 MP: 2/2
   276 | D:1      | Reached XP level 2. HP: 22/32 MP: 4/4
   279 | D:1      | Learned a level 2 spell: Scorch
  1107 | D:2      | Reached XP level 3. HP: 35/40 MP: 0/6
  1840 | D:2      | Reached XP level 4. HP: 49/49 MP: 4/7
  2097 | D:3      | You fall into a shaft and drop 3 floors!
  2108 | D:6      | Reached skill level 5 in Fighting
  2108 | D:6      | Reached XP level 5. HP: 57/57 MP: 3/9
  2221 | D:6      | Noticed Blork the orc
  2226 | D:6      | Killed Blork the orc
  2360 | D:6      | Reached XP level 6. HP: 66/66 MP: 5/10
  2448 | D:7      | HP: 1/66 [centaur/arrow (7)]
  2449 | D:7      | Slain by a centaur

Illustrated notes

Levels and vault maps discovered:
D:1:      minmay_arrival_nine_rooms, layout_basic
D:2:      layout_rooms, minmay_heptomino_o4
D:3:      layout_basic, kennysheep_slug_shrine, gammafunk_ghost_icy
D:6:      layout_basic, xom_redecorated, mainiacjoe_overflow_small_starburst,
          minmay_strange_pillars, uniq_blork_the_orc, uniq_edmund
D:7:      layout_basic, nicolae_qazlal_general_emergency,
          chequers_decorated_corner, minmay_alternating_orb

Skill      XL: |  1  2  3  4  5 |
---------------+----------------+-----
Spellcasting   | 2 3 |  3.3
Fire Magic     | 3 |  3.7
Fighting       | 5 |  5.5
Polearms       | 4 |  4.2

Action                   |  1- 3 |  4- 6 || total
-------------------------+-------+-------++-------
Melee: Spear             |    33 |    16 ||    49
Throw: Boomerang         |    24 |     8 ||    32
 Cast: Scorch            |    28 |    17 ||    45
Armor: Robe              |    17 |     3 ||    20
Dodge: Dodged            |    11 |     9 ||    20

Table legend: (Time is in decaauts)
 A = Elapsed time spent in this place.
 B = Non-inter-level travel time spent in this place.
 C = Inter-level travel time spent in this place.
 D = Time resting spent in this place.
 E = Time spent auto-exploring this place.
 F = Levels seen in this place.
 G = Mean time per level.
                   A        B        C        D        E       F      G
               +--------+--------+--------+--------+--------+-----+--------+
         Total |   2456 |   2391 |     65 |    171 |   1902 |   5 |  491.2 |
       Dungeon |   2456 |   2391 |     65 |    171 |   1902 |   5 |  491.2 |
               +--------+--------+--------+--------+--------+-----+--------+

Top non-repeatable levels by time:
     D:1: 1194 daAuts
     D:2: 867 daAuts
     D:6: 349 daAuts
     D:3: 42 daAuts
     D:7: 2 daAuts
